Map: Berlingrad LE

Players

A.I. 2 (Very Easy) - Winner!

  • Race: Zerg Zerg
  • Spawn Location: 5:00

llllllllllll

  • Race: Protoss Protoss
  • League: Grandmaster
  • Spawn Location: 11:00

VOD

Have the link to the VOD?

Description

Time

  • Played on: June 18, 2022, 7:30 p.m.
  • Length: 8:10
Show
View Real Time Build Order
Export as new Build Order

A.I. 2 (Very Easy) Zerg - Winner!

Build Orders: Hatch First 

Get SALT Encoding   

  12  0:01  Drone  
  13  0:12  Overlord  
  13  0:16  Drone  
  14  0:42  Hatchery  
  13  0:45  Drone  
  14  1:04  Spawning Pool  
  13  1:05  Extractor  
  13  1:07  Drone  
  13  1:14  Drone  
  14  1:19  Overlord  
  14  1:51  Zergling x2, Queen  
  14  1:53  Zergling x2  
  18  1:59  Roach Warren  
  17  2:04  Drone  
  17  2:08  Extractor  
  17  2:11  Drone  
  18  2:16  Zergling x2  
  18  2:20  Drone  
  20  2:27  Drone  
  21  2:34  Drone  
  22  2:41  Drone  
  23  2:48  Drone  
  24  2:55  Drone  
  24  2:56  Lair  
  24  3:23  Drone  
  25  3:30  Zergling x2, Drone  
  27  3:37  Drone  
  28  3:42  Overlord  
  28  3:45  Drone  
  29  3:52  Drone  
  30  3:58  Spire  
  30  3:59  Drone  
  30  4:04  Overseer  
  30  4:06  Drone  
  31  4:11  Overseer  
  31  4:14  Drone  
  32  4:21  Drone  
  32  4:22  Overlord  
  33  4:28  Drone  
  34  4:35  Drone  
  35  4:42  Drone  
  35  4:43  Extractor  
  35  4:50  Drone  
  36  4:54  Extractor  
  36  4:57  Drone  
  36  5:04  Drone  
  37  5:10  Mutalisk  
  37  5:11  Drone  
  40  5:18  Drone  
  41  5:25  Drone  
  42  5:33  Drone  
  42  5:34  Overlord  
  43  5:40  Drone  
  44  5:47  Drone  
  45  5:50  Mutalisk  
  45  5:54  Drone  
  48  6:01  Drone  
Show
View Real Time Build Order
Export as new Build Order

llllllllllll Protoss 

Build Orders: 1 Gate Expand, Oracle Opening 

Get SALT Encoding   

  12  0:00  Probe  
  13  0:12  Probe  
  14  0:20  Pylon  
  14  0:24  Probe  
  15  0:38  Probe (Chrono Boost)  
  15  0:39  Gateway  
  16  0:47  Assimilator  
  17  0:50  Probe (Chrono Boost)  
  17  0:58  Probe (Chrono Boost)  
  18  1:04  Probe  
  19  1:16  Probe  
  20  1:24  Nexus  
  20  1:34  Cybernetics Core  
  20  1:40  Assimilator  
  20  1:43  Probe  
  21  1:50  Pylon  
  21  1:55  Probe  
  22  2:07  Probe  
  23  2:09  Adept (Chrono Boost)  
  25  2:19  Probe  
  25  2:22  Stargate  
  26  2:28  Warp Gate  
  26  2:31  Probe  
  26  2:35  Stalker  
  26  2:36  Probe  
  30  2:43  Probe  
  31  2:48  Probe  
  32  2:55  Probe  
  33  3:00  Probe  
  33  3:05  Oracle (Chrono Boost)  
  34  3:06  Adept  
  34  3:07  Probe  
  34  3:12  Probe  
  41  3:16  Pylon  
  41  3:18  Shield Battery  
  41  3:19  Probe  
  42  3:24  Gateway  
  42  3:26  Probe  
  43  3:31  Probe  
  44  3:38  Probe  
  44  3:40  Pylon  
  45  3:44  Probe, Oracle (Chrono Boost)  
  49  3:51  Probe  
  49  3:54  Pylon  
  50  3:56  Probe  
  51  4:04  Nexus  
  51  4:08  Probe, Pylon  
  51  4:09  Probe  
  53  4:17  Oracle (Chrono Boost)  
  53  4:21  Probe x2  
  58  4:26  Assimilator  
  58  4:28  Assimilator  
  58  4:32  Twilight Council  
  58  4:33  Probe  
  58  4:34  Probe  
  58  4:37  Forge  
  60  4:45  Probe (Chrono Boost)  
  60  4:46  Probe (Chrono Boost)  
  62  4:56  Protoss Ground Weapons Level 1 (Chrono Boost)  
  62  4:57  Probe (Chrono Boost)  
  62  4:58  Probe (Chrono Boost)  
  64  5:03  Gateway x2  
  64  5:04  Probe x2 (Chrono Boost)  
  64  5:06  Gateway  
  66  5:09  Gateway  
  66  5:10  Blink (Chrono Boost)  
  66  5:13  Probe x2  
  68  5:17  Probe  
  69  5:25  Probe x2  
  71  5:29  Probe  
  72  5:37  Probe x2  
  72  5:38  Photon Cannon  
  74  5:45  Probe  
  74  5:49  Probe  
  76  5:51  Nexus  
  76  5:52  Pylon  
  76  5:55  Pylon  
  76  5:57  Stalker x2  
  80  6:01  Stalker x2  
  84  6:12  Stalker x2  
  84  6:16  Photon Cannon, Shield Battery  
  88  6:20  Photon Cannon  
  88  6:22  Photon Cannon  
  88  6:26  Dark Shrine  
  88  6:27  Probe  
  88  6:28  Probe x2  
  91  6:38  Stalker x4  
  91  6:39  Probe  
  100  6:40  Probe x2  
  102  6:52  Probe x3  
  105  6:58  Stalker x2  
  109  7:05  Stalker x4  
  117  7:27  Stalker x2  
  121  7:46  Gateway  
  121  7:47  Gateway  
  121  7:50  Gateway  
  121  7:51  Stalker  
  121  7:52  Gateway  
  121  7:54  Probe  
  121  7:56  Gateway, Pylon  
  121  7:57  Gateway, Pylon  
  124  7:59  Pylon  
  124  8:00  Gateway, Pylon  
  124  8:01  Pylon  
  124  8:02  Gateway  
Tags
 
Add a new tag
Caveats
  • Supply blocks, unpowered buildings, or Contaminate may cause inaccurate times.
  • Supply counts are checked every 10 seconds.